 Dungeon Crawl Stone Soup version 0.30-a0-1075-gcd70e7a56d (webtiles) character file.

Game seed: 8475699555142493209

7544 Newt the Zephyrmancer (level 10, -6/66 HPs)
             Began as a Demonspawn Gladiator on Apr 14, 2023.
             Was a Follower of Hepliaklqana.
             Shot with an arrow by a centaur warrior (15 damage)
             ... on level 10 of the Dungeon.
             The game lasted 00:14:31 (8635 turns).

Newt the Zephyrmancer (Demonspawn Gladiator)        Turns: 8635, Time: 00:14:31

Health: -6/66      AC: 14    Str: 16    XL:     10   Next: 96%
Magic:  0/13       EV: 12    Int: 16    God:    Hepliaklqana [*.....]
Gold:   517        SH:  0    Dex: 16    Spells: 10/18 levels left

rFire   . . .      SeeInvis .    o - +3 dagger (speed)
rCold   + . .      Faith    .    (no shield)
rNeg    . . .      Spirit   +    p - +4 ring mail "Ufoloali" {Dex+3}
rPois   .          Reflect  .    (helmet restricted)
rElec   .          Rampage  .    g - scarf {shadows}
rCorr   +                        (no gloves)
Will    .....                    k - +0 pair of boots
Stlth   +                        (no amulet)
HPRegen 0.31/turn                m - ring of protection from cold
MPRegen 0.26/turn                x - ring of resist corrosion

@: hasted and slowed
A: reduced essence, horns 2, thin metallic scales 2, magic shield, magic
regeneration, demonic magic 2, talons 1, clever 1, low MP 2
a: Renounce Religion, Recall Ancestor, Ancestor Identity


You were on level 10 of the Dungeon.
You worshipped Hepliaklqana.
Hepliaklqana was aware of your devotion.
You visited 2 branches of the dungeon, and saw 10 of its levels.
You also visited: Sewer.

You collected 517 gold pieces.

Inventory:

Hand Weapons
 a - a +0 rapier
 o - a +3 dagger of speed (weapon)
 q - a +1 vampiric dagger
Missiles
 e - 6 javelins
 D - 2 throwing nets
Armour
 b - a +0 leather armour
 c - a +0 helmet
 d - a +3 leather armour of poison resistance
 g - a scarf of shadows (worn)
 k - a +0 pair of boots (worn)
 p - the +4 ring mail "Ufoloali" (worn) {Dex+3}
   (You found it on level 3 of the Dungeon)

   Dex:       It affects your dexterity (+3).
 z - a +2 robe of resistance
Jewellery
 m - a ring of protection from cold (left hand)
 x - a ring of resist corrosion (right hand)
Wands
 y - a wand of light (11)
 E - a wand of iceblast (5)
Scrolls
 h - 3 scrolls of fog
 s - 3 scrolls of teleportation
 u - a scroll of noise
 B - 2 scrolls of immolation
 C - a scroll of magic mapping
 G - a scroll of enchant weapon
 H - a scroll of identify
Potions
 f - 2 potions of curing
 i - 2 potions of ambrosia
 j - 3 potions of lignification
 l - 3 potions of heal wounds
 n - 4 potions of mutation
 r - 2 potions of cancellation
 t - a potion of magic
 v - 2 potions of might
 A - 2 potions of flight
 F - a potion of invisibility {unknown}


   Skills:
 - Level 5.0 Fighting
 - Level 8.0 Short Blades
 - Level 1.7 Throwing
 - Level 4.0 Armour
 - Level 4.0 Dodging
 + Level 4.6 Spellcasting
 - Level 4.4 Conjurations
 - Level 9.0 Air Magic
 - Level 6.0 Invocations


You had 10 spell levels left.
You knew the following spells:

 Your Spells              Type           Power      Damage    Failure   Level
a - Shock                 Conj/Air       100%       1d9       1%          1
b - Swiftness             Air            32%        N/A       1%          3
c - Airstrike             Air            16%        2d(3-19)  7%          4

Your spell library contained the following spells:

 Spells                   Type           Power      Damage    Failure   Level
 Poisonous Vapours        Pois/Air       36%        N/A       7%          2
 Foxfire                  Conj/Fire      40%        2x1d6     12%         1
 Momentum Strike          Conj/Tloc      20%        3d8       17%         2
 Sting                    Tmut/Pois      12%        1d3       28%         1
 Blink                    Tloc           6%         N/A       38%         2
 Lesser Beckoning         Tloc           6%         N/A       38%         2
 Sublimation of Blood     Necr           3%         N/A       38%         2
 Iskenderun's Battlesphe  Conj           18%        2d7       77%         5
 Olgreb's Toxic Radiance  Pois           3%         N/A       95%         4
 Petrify                  Tmut/Erth      3%         N/A       95%         4
 Conjure Ball Lightning   Conj/Air       12%        3x3d6     95%         6
 Fireball                 Conj/Fire      5%         3d5       97%         5
 Irradiate                Conj/Tmut      5%         3d13      97%         5
 Plasma Beam              Fire/Air       9%         2x1d21    100%        6
 Starburst                Conj/Fire      5%         6d4       100%        6
 Orb of Destruction       Conj           9%         9d6       100%        7


Dungeon Overview and Level Annotations

Branches:
Dungeon (10/15)            Temple (1/1) D:7           Sewer (visited)
   Lair: D:8-11         Orc: D:9-12

Altars:
Ashenzari
Cheibriados
Dithmenos
Fedhas
Gozag
Hepliaklqana
Kikubaaqudgha
Makhleb
Nemelex Xobeh
Okawaru
Qazlal
Ru
Sif Muna
Trog
Uskayaw
Vehumet
Wu Jian
Xom
Yredelemnul


Innate Abilities, Weirdness & Mutations

Your life essence is reduced to manifest your ancestor. (-10% HP)
You have a pair of horns on your head.
You are mostly covered in thin metallic scales. (AC +3)
When hurt, damage is shared between your health and your magic reserves.
You regenerate magic rapidly.
Spells you cast may paralyse nearby enemies.
You have sharp toenails.
Your mind is acute. (Int +4, Str/Dex -1)
Your magical capacity is very low. (-20% MP)


Message History

The arrow barely misses Oma.
The orc wizard gestures at you while chanting.
The magic dart hits you.
An arrow appears from out of your range of vision.
The arrow hits Oma!
Oma hits the orc wizard.
The orc wizard hits you with a +0 dagger.
An arrow appears from out of your range of vision.
The arrow hits Oma!
Oma is destroyed!
The helpless orc wizard fails to defend itself.
You impale the orc wizard!!
You kill the orc wizard!
You hit the orc wizard. You headbutt the orc wizard.
You kill the orc wizard!
A centaur warrior comes into view. It is wielding a +0 shortbow.
The centaur warrior shouts!
You hear a shout!
The centaur warrior shoots an arrow.
The arrow barely misses you.
The centaur warrior shoots an arrow.
The arrow hits you!
The centaur warrior shoots an arrow.
The arrow closely misses you.
Things that are here:
a +0 dagger; a +0 robe; an orc corpse
Casting: Shock (safe; 1% risk of failure)
Confirm with . or Enter, or press ? or * to list all spells.
Aiming: Airstrike (dangerous; 7% risk of failure)
Press: ? - help, Dir - move target, f - centaur warrior
Aim: a centaur warrior, wielding a +0 shortbow (empty space bonus: 8/8)
The air twists around and strikes the centaur warrior.
The centaur warrior is lightly wounded.
Malevolent energies surge around you.
The centaur warrior shoots an arrow.
The arrow hits you.
The centaur warrior shoots an arrow.
The arrow hits you!
Casting: Airstrike (dangerous; 7% risk of failure)
Confirm with . or Enter, or press ? or * to list all spells.
You don't have enough magic to cast this spell.
The centaur warrior shoots an arrow.
The arrow hits you!
You hear a shout!
The centaur warrior shoots an arrow.
The arrow hits you!
* * * LOW HITPOINT WARNING * * *
You feel yourself speed up.
The centaur warrior shoots an arrow.
The arrow hits you!
You die...

#............
##............
.#.......c.....
.............. #
............# .#
............##.#
.......).......#
........)......#
#......@.......#
...............#
.........#.....#
.........###...#
..........###..#
.....#.........#
...........##..#
............#..#
#.............#..#
♣


You could see a centaur warrior.

Vanquished Creatures
  2 two-headed ogres
  Joseph (D:7)
  A gargoyle (D:8)
  A wraith (D:10)
  A shadow (D:9)
  9 yaks
  An acid dragon (D:10)
  Duvessa (D:7)
  2 water moccasins
  2 orc warriors
  An ice beast (D:8)
  2 black bears
  An ogre (D:7)
  A wolf (D:9)
  2 centaurs (D:10)
  A phantom (D:5)
  5 bullfrogs
  4 gnoll sergeants (D:9)
  2 scorpions
  3 wights (D:8)
  Dowan (D:7)
  A howler monkey (D:8)
  4 killer bees (D:9)
  An electric eel (D:9)
  5 hounds
  Crazy Yiuf (D:2)
  A sleepcap (D:5)
  2 gnoll boudas
  A hell rat (Sewer)
  An iguana (D:7)
  4 orc wizards
  22 gnolls
  7 adders
  4 river rats
  A worm (D:5)
  3 dart slugs
  11 orcs
  8 ball pythons
  7 bats
  4 endoplasms
  4 giant cockroaches
  6 goblins
  4 hobgoblins
  2 jackals (D:9)
  A quokka (D:1)
  2 frilled lizards (D:1)
  4 kobolds
  12 rats
167 creatures vanquished.

Vanquished Creatures (collateral kills)
  4 yaks
  A centaur (D:10)
  2 wights (D:8)
  A killer bee (D:9)
  A howler monkey (D:10)
  2 hounds (D:9)
  2 gnoll boudas (D:9)
  An orc wizard (D:9)
  5 gnolls (D:9)
  An orc (D:8)
  A jackal (D:9)
21 creatures vanquished.

Vanquished Creatures (others)
  3 ancestors
  A gnoll (D:9)
  6 plants (D:2)
10 creatures vanquished.

Grand Total: 198 creatures vanquished

Notes
Turn   | Place    | Note
-------+----------+-------------------------------------------
     0 | D:1      | Newt the Demonspawn Gladiator began the quest for the Orb.
     0 | D:1      | Reached XP level 1. HP: 16/16 MP: 1/1
   143 | D:1      | Gained mutation: You are partially covered in thin metallic
                  | scales. (AC +2) [demonic ancestry]
   143 | D:1      | Reached XP level 2. HP: 23/23 MP: 2/2
   267 | D:1      | Gained mutation: Spells you cast may paralyse adjacent
                  | enemies. [demonic ancestry]
   267 | D:1      | Reached XP level 3. HP: 12/29 MP: 3/3
  1323 | D:2      | Gained mutation: You have a pair of small horns on your
                  | head. [demonic ancestry]
  1323 | D:2      | Reached XP level 4. HP: 34/38 MP: 4/4
  1508 | D:2      | Found a runed translucent door.
  1509 | D:2      | Noticed Crazy Yiuf
  1768 | D:2      | Killed Crazy Yiuf
  1840 | D:3      | Identified the +4 ring mail "Ufoloali" {Dex+3}
  1882 | D:3      | You fall into a shaft and drop 2 floors!
  1882 | D:5      | Entered Level 5 of the Dungeon
  1902 | D:5      | Reached skill level 5 in Fighting
  1947 | D:5      | Gained mutation: You regenerate magic rapidly. [demonic
                  | ancestry]
  1947 | D:5      | Reached XP level 5. HP: 37/44 MP: 5/5
  1967 | D:5      | Noticed a phantom
  1985 | D:5      | Killed a phantom
  2002 | D:5      | Gained mutation: Spells you cast may paralyse nearby
                  | enemies. [demonic ancestry]
  2002 | D:5      | Reached XP level 6. HP: 42/51 MP: 6/6
  2175 | D:5      | Learned a level 1 spell: Shock
  2250 | D:5      | Found a glowing drain.
  2279 | Sewer    | Entered a sewer
  3126 | D:6      | Gained mutation: Your magical capacity is low. (-10% MP)
                  | [potion of mutation]
  3126 | D:6      | Gained mutation: You have sharp toenails. [potion of
                  | mutation]
  3126 | D:6      | Gained mutation: Your magical capacity is very low. (-20%
                  | MP) [potion of mutation]
  3126 | D:6      | Gained mutation: Your mind is acute. (Int +4, Str/Dex -1)
                  | [potion of mutation]
  3209 | D:6      | Noticed a water moccasin
  3214 | D:6      | Killed a water moccasin
  3215 | D:6      | Reached skill level 1 in Spellcasting
  3215 | D:6      | Reached skill level 1 in Conjurations
  3215 | D:6      | Reached skill level 1 in Air Magic
  3257 | D:6      | Reached XP level 7. HP: 51/56 MP: 4/7
  3280 | D:6      | Found an ancient bone altar of Kikubaaqudgha.
  3396 | D:6      | Reached skill level 2 in Air Magic
  3646 | D:6      | Found a radiant altar of Vehumet.
  3883 | D:7      | Reached skill level 3 in Air Magic
  3888 | D:7      | Gained mutation: You are mostly covered in thin metallic
                  | scales. (AC +3) [demonic ancestry]
  3888 | D:7      | Reached XP level 8. HP: 60/62 MP: 7/10
  3929 | D:7      | Noticed Joseph
  3950 | D:7      | Killed Joseph
  4204 | D:7      | Reached skill level 4 in Air Magic
  4373 | D:7      | Noticed Duvessa
  4373 | D:7      | Noticed Dowan
  4379 | D:7      | Killed Dowan
  4380 | D:7      | Reached skill level 1 in Armour
  4393 | D:7      | Killed Duvessa
  4644 | D:7      | Found a staircase to the Ecumenical Temple.
  4665 | Temple   | Entered the Ecumenical Temple
  4725 | Temple   | Became a worshipper of Hepliaklqana the Forgotten
  5249 | D:8      | Reached skill level 1 in Invocations
  5412 | D:8      | Learned a level 3 spell: Swiftness
  5429 | D:8      | Noticed a gargoyle
  5439 | D:8      | Killed a gargoyle
  5440 | D:8      | Reached skill level 5 in Invocations
  5440 | D:8      | Gained mutation: When hurt, damage is shared between your
                  | health and your magic reserves. [demonic ancestry]
  5440 | D:8      | Reached XP level 9. HP: 29/68 MP: 7/12
  5659 | D:8      | Reached * piety under Hepliaklqana
  6108 | D:8      | Reached skill level 5 in Air Magic
  6359 | D:8      | Learned a level 4 spell: Airstrike
  6592 | D:9      | Reached skill level 6 in Air Magic
  6893 | D:9      | Reached skill level 7 in Air Magic
  7483 | D:9      | Reached skill level 8 in Air Magic
  7483 | D:9      | Gained mutation: You have a pair of horns on your head.
                  | [demonic ancestry]
  7483 | D:9      | Reached XP level 10. HP: 44/66 MP: 7/12
  7765 | D:9      | Reached skill level 9 in Air Magic
  8013 | D:10     | Entered Level 10 of the Dungeon
  8015 | D:10     | Noticed a two-headed ogre
  8016 | D:10     | Noticed a two-headed ogre
  8038 | D:9      | Killed a two-headed ogre
  8039 | D:9      | Reached skill level 5 in Short Blades
  8273 | D:10     | Killed a two-headed ogre
  8631 | D:10     | Noticed a centaur warrior
  8635 | D:10     | Shot with an arrow by a centaur warrior

Illustrated notes

Levels and vault maps discovered:
D:1:      minmay_arrival_shoal_huts, layout_rooms
D:2:      layout_loops_ring, wad_floor_pattern_untrapped,
          minmay_misc_feat_alley, serial_bayou_lake_a, uniq_crazy_yiuf_cottage
D:3:      layout_basic, minmay_ogre_servants
D:5:      layout_basic, tso_metal_star, portal_sewer_entry_e
D:6:      lemuel_ice_spiral_2, layout_rooms, mainiacjoe_overflow_catwalk_spiral,
          minivault_1, nicolae_eternal_life
D:7:      layout_rooms, minmay_temple_entry_arrows, hangedman_decor_opposing,
          kennysheep_generic_room_9, uniq_joseph, uniq_duvessa
D:8:      layout_loops_corners, chequers_serial_rivers_small_3
D:9:      layout_big_octagon, serial_gnoll_camp, gnoll_camp_mini_house,
          gnoll_camp_mini_loothouse, gnoll_camp_medium_01,
          gnoll_camp_mini_basic, gnoll_camp_mini_basic, moated_statue,
          kennysheep_diamond, minmay_misc_feat_x
D:10:     nzn_winding_woodlands_medium [nzn_winding_woodlands_5x5_closed_star,
          nzn_winding_woodlands_5x15_parted, nzn_winding_woodlands_5x5_cross,
          nzn_winding_woodlands_5x5_perimeter,
          nzn_winding_woodlands_center_diamonds,
          nzn_winding_woodlands_5x5_checkerboard,
          nzn_winding_woodlands_5x5_open_star,
          nzn_winding_woodlands_5x15_zeroes, nzn_winding_woodlands_5x5_three],
          layout_cave_pools, lair_entry_dummy, hangedman_decor_points
Temple:   hellmonk_temple_of_storms

Skill      XL: |  1  2  3  4  5  6  7  8  9 10 |
---------------+-------------------------------+-----
Fighting       | 3 4 5 |  5.0
Short Blades   | 3 4 8 |  8.0
Dodging        | 3 4 |  4.0
Spellcasting   | 1 3 4 |  4.6
Conjurations   | 2 3 4 |  4.4
Air Magic      | 1 3 4 8 9 |  9.0
Armour         | 4 |  4.0
Invocations    | 5 6 |  6.0
Throwing       | |  1.7

Action                     |  1- 3 |  4- 6 |  7- 9 | 10-12 || total
---------------------------+-------+-------+-------+-------++-------
  Melee: Rapier            |   103 |       |       |       ||   103
         Dagger            |     1 |   241 |   282 |    75 ||   599
         Punch             |     1 |     3 |     3 |     2 ||     9
         Headbutt          |       |    48 |    52 |    24 ||   124
  Throw: Throwing net      |     2 |     2 |     1 |     1 ||     6
   Cast: Shock             |       |     3 |   102 |    31 ||   136
         Airstrike         |       |       |     3 |     4 ||     7
 Invoke: Recall Ancestor   |       |       |       |     1 ||     1
    Use: Scroll            |     5 |     7 |     7 |     2 ||    21
         Potion            |       |     1 |       |     1 ||     2
   Stab: Sleeping          |     1 |       |       |       ||     1
         Paralysed         |       |     5 |    58 |    25 ||    88
         Held in net/web   |       |       |       |     1 ||     1
 Armour: Leather armour    |    50 |     4 |       |       ||    54
         Ring mail         |       |    63 |    96 |    33 ||   192
  Dodge: Dodged            |    97 |    89 |   136 |    53 ||   375

Table legend: (Time is in decaauts)
 A = Elapsed time spent in this place.
 B = Non-inter-level travel time spent in this place.
 C = Inter-level travel time spent in this place.
 D = Time resting spent in this place.
 E = Time spent auto-exploring this place.
 F = Levels seen in this place.
 G = Mean time per level.
                   A        B        C        D        E       F      G
               +--------+--------+--------+--------+--------+-----+--------+
         Total |   8433 |   8162 |    271 |   1997 |   4803 |  11 |  766.6 |
       Dungeon |   7911 |   7658 |    253 |   1733 |   4677 |   9 |  879.0 |
        Temple |     67 |     49 |     18 |      0 |     20 |   1 |   67.0 |
         Sewer |    455 |    455 |      0 |    264 |    105 |   1 |  455.0 |
               +--------+--------+--------+--------+--------+-----+--------+

Top non-repeatable levels by time:
     D:9: 1771 daAuts
     D:8: 1430 daAuts
     D:7: 1140 daAuts
     D:2: 1008 daAuts
     D:1: 842 daAuts
     D:5: 709 daAuts
     D:6: 701 daAuts
   Sewer: 455 daAuts
    D:10: 235 daAuts
     D:3: 71 daAuts
  Temple: 67 daAuts
